MLB
ATLANTA BRAVES @ COLORADO ROCKIES
09/06/2098
 
TOP OF THE 1ST
Atlanta Braves batting - Pitching for Colorado Rockies : LHP Matt Taylor
Pitching: LHP Matt Taylor
Batting: LHB Jordan Montijo 0-0: Called Strike
0-1: Ball
1-1: Ball
2-1: Called Strike
2-2: Fly out, F7 (Line Drive, 7, EV 95.6 MPH)
Batting: LHB Wade Ronsonet 0-0: Ball
1-0: Fly out, F7 (Line Drive, 7, EV 85.6 MPH)
Batting: RHB Ramon Carrion 0-0: Ball
1-0: Swinging Strike
1-1: Foul Ball, location: 2F
1-2: Ground out 4-3 (Groundball, 4, EV 108.1 MPH)
Top of the 1st over - 0 runs, 0 hits, 0 errors, 0 left on base; Atlanta 0 - Colorado 0
BOTTOM OF THE 1ST
Colorado Rockies batting - Pitching for Atlanta Braves : RHP Jorge Villalona
Pitching: RHP Jorge Villalona
Batting: LHB Glenn Sewell 0-0: Ball
1-0: Ground out 4-3 (Groundball, 4M, EV 103.8 MPH)
Batting: RHB Mike Woodard 0-0: Ball
1-0: Called Strike
1-1: Foul Ball, location: 3F
1-2: Foul Ball, location: 2F
1-2: Ball
2-2: SINGLE (Line Drive, 9S, EV 105.6 MPH)
Batting: LHB Matt Beck 0-0: Called Strike
0-1: Ball
1-1: Fly out, F8 (Flyball, 8LD, EV 83.1 MPH)
Batting: LHB Jim Davis 0-0: Swinging Strike
0-1: Called Strike
0-2: Ball
1-2: Ball
2-2: Strikes out looking
Bottom of the 1st over - 0 runs, 1 hit, 0 errors, 1 left on base; Atlanta 0 - Colorado 0
TOP OF THE 2ND
Atlanta Braves batting - Pitching for Colorado Rockies : LHP Matt Taylor
Pitching: RHP Wally Sharp
Batting: RHB Antonio Mejia 0-0: Ball
1-0: Ball
2-0: Called Strike
2-1: Ground out 6-3 (Groundball, 6, EV 86.3 MPH)
Batting: SHB Joe Richardson 0-0: Called Strike
0-1: Ball
1-1: Swinging Strike
1-2: Ball
2-2: Ground out U3 (Groundball, 34S, EV 65.0 MPH)
Batting: LHB Omar Carreon 0-0: Ball
1-0: Ball
2-0: DOUBLE (Line Drive, 89XD, EV 100.0 MPH)
Batting: LHB Mike Hancock 0-0: Ball
1-0: Swinging Strike
1-1: Ball
2-1: Called Strike
2-2: SINGLE (Groundball, 6S, EV 68.8 MPH) (infield hit)
Omar Carreon to third
Batting: RHB Matt Varner 0-0: Ball
1-0: Ball
2-0: Foul Ball, location: 3DF
2-1: Ball
3-1: Called Strike
3-2: Base on Balls
Mike Hancock to second
Batting: RHB Luis Saez 0-0: Swinging Strike
0-1: Ball
1-1: Swinging Strike
1-2: Ball
2-2: Fielders Choice at 2nd, 6-4 (Groundball, 6, EV 101.3 MPH)
Top of the 2nd over - 0 runs, 2 hits, 0 errors, 3 left on base; Atlanta 0 - Colorado 0
BOTTOM OF THE 2ND
Colorado Rockies batting - Pitching for Atlanta Braves : RHP Jorge Villalona
Batting: LHB Jeremy Papish 0-0: Called Strike
0-1: Ball
1-1: Swinging Strike
1-2: Strikes out looking
Batting: LHB Carlos Parez 0-0: Foul Ball, location: 7LSFF
0-1: Ball
1-1: Ball
2-1: Ball
3-1: Called Strike
3-2: Foul Ball, location: 7LDF
3-2: Strikes out looking
Batting: LHB Jesus Pena 0-0: Ball
1-0: Called Strike
1-1: Ball
2-1: SOLO HOME RUN (Flyball, 89XD, EV 102.5 MPH), Distance : 403 ft
Batting: RHB Brenden Oxton 0-0: DOUBLE (Line Drive, 5D, EV 100.6 MPH)
Batting: RHB John Stevens 0-0: Called Strike
0-1: Swinging Strike
0-2: Strikes out swinging
Bottom of the 2nd over - 1 run, 2 hits, 0 errors, 1 left on base; Atlanta 0 - Colorado 1
TOP OF THE 3RD
Atlanta Braves batting - Pitching for Colorado Rockies : RHP Wally Sharp
Batting: LHB Jordan Montijo 0-0: Called Strike
0-1: Ball
1-1: Ball
2-1: Foul Ball, location: 25F
2-2: Strikes out swinging
Batting: LHB Wade Ronsonet 0-0: SINGLE (Line Drive, 89M, EV 88.1 MPH)
Pitching: RHP Angel Cruz
Batting: RHB Ramon Carrion 0-0: Ball
1-0: Ball
2-0: Ball
3-0: SINGLE (Groundball, 6MD, EV 100.0 MPH)
Wade Ronsonet to second
Runner from 2nd tries for 3rd, SAFE, throw by CF made to third
Batting: RHB Antonio Mejia 0-0: Grounds into double play, U6-3 (Groundball, 4M, EV 105.0 MPH)
Top of the 3rd over - 0 runs, 2 hits, 0 errors, 1 left on base; Atlanta 0 - Colorado 1
BOTTOM OF THE 3RD
Colorado Rockies batting - Pitching for Atlanta Braves : RHP Jorge Villalona
Batting: LHB Glenn Sewell 0-0: Called Strike
0-1: Foul Ball, location: 3FF
0-2: Strikes out swinging
Batting: RHB Mike Woodard 0-0: Foul Ball, location: 2F
0-1: Swinging Strike
0-2: Ball
1-2: Ball
2-2: Ball
3-2: Fly out, F8 (Flyball, 8LXD, EV 105.6 MPH)
Batting: LHB Matt Beck 0-0: Swinging Strike
0-1: Called Strike
0-2: Strikes out swinging
Bottom of the 3rd over - 0 runs, 0 hits, 0 errors, 0 left on base; Atlanta 0 - Colorado 1
TOP OF THE 4TH
Atlanta Braves batting - Pitching for Colorado Rockies : RHP Angel Cruz
Batting: SHB Joe Richardson 0-0: Foul Ball, location: 2RF
0-1: Ball
1-1: Ball
2-1: Swinging Strike
2-2: Foul Ball, location: 2F
2-2: Ball
3-2: Strikes out swinging
Batting: LHB Omar Carreon 0-0: Ball
1-0: Ground out U3 (Groundball, 34S, EV 86.9 MPH)
Batting: LHB Mike Hancock 0-0: Foul Ball, location: 2F
0-1: Called Strike
0-2: Ball
1-2: Fly out, F9 (Line Drive, 9, EV 87.5 MPH)
Top of the 4th over - 0 runs, 0 hits, 0 errors, 0 left on base; Atlanta 0 - Colorado 1
BOTTOM OF THE 4TH
Colorado Rockies batting - Pitching for Atlanta Braves : RHP Jorge Villalona
Batting: LHB Jim Davis 0-0: Called Strike
0-1: Ball
1-1: Called Strike
1-2: Fly out, F8 (Line Drive, 89S, EV 96.9 MPH)
Batting: LHB Jeremy Papish 0-0: Foul Ball, location: 7LSF
0-1: Foul Ball, location: 7LMF
0-2: Foul Ball, location: 2F
0-2: Foul Ball, location: 2F
0-2: Ball
1-2: Strikes out swinging
Batting: LHB Carlos Parez 0-0: Ball
1-0: DOUBLE (Line Drive, 9LS, EV 88.8 MPH)
Batting: LHB Jesus Pena 0-0: Ground out 5-3 (Groundball, 56, EV 81.9 MPH)
Bottom of the 4th over - 0 runs, 1 hit, 0 errors, 1 left on base; Atlanta 0 - Colorado 1
TOP OF THE 5TH
Atlanta Braves batting - Pitching for Colorado Rockies : RHP Angel Cruz
Batting: RHB Matt Varner 0-0: Called Strike
0-1: Called Strike
0-2: SINGLE (Line Drive, 7S, EV 110.0 MPH)
Batting: RHB Luis Saez 0-0: Swinging Strike
0-1: Foul Ball, location: 23F
0-2: Ball
1-2: Strikes out swinging
Batting: LHB Jordan Montijo 0-0: Ball
1-0: Called Strike
1-1: Called Strike
1-2: Ball
2-2: Ball
3-2: Base on Balls
Matt Varner to second
Pitching: RHP Danny Dudley
Batting: LHB Wade Ronsonet 0-0: Ball
1-0: Foul Ball, location: 2F
1-1: Foul Ball, location: 7LSF
1-2: Ball
2-2: Grounds into double play, 4-6-3 (Groundball, 4, EV 86.3 MPH)
Top of the 5th over - 0 runs, 1 hit, 0 errors, 1 left on base; Atlanta 0 - Colorado 1
BOTTOM OF THE 5TH
Colorado Rockies batting - Pitching for Atlanta Braves : RHP Jorge Villalona
Batting: RHB Brenden Oxton 0-0: Ball
1-0: Ball
2-0: Swinging Strike
2-1: Fly out, F8 (Flyball, 8LM, EV 87.5 MPH)
Batting: RHB John Stevens 0-0: Ball
1-0: Ball
2-0: Swinging Strike
2-1: Fly out, F9 (Flyball, 9D, EV 107.5 MPH)
Batting: LHB Glenn Sewell 0-0: DOUBLE (Flyball, 8RXD, EV 99.4 MPH)
Batting: RHB Mike Woodard 0-0: Foul Ball, location: 5F
0-1: Ball
1-1: Called Strike
1-2: Ball
2-2: Strikes out looking
Bottom of the 5th over - 0 runs, 1 hit, 0 errors, 1 left on base; Atlanta 0 - Colorado 1
TOP OF THE 6TH
Atlanta Braves batting - Pitching for Colorado Rockies : RHP Danny Dudley
Batting: RHB Ramon Carrion 0-0: Ball
1-0: Called Strike
1-1: Swinging Strike
1-2: Strikes out swinging
Batting: RHB Antonio Mejia 0-0: DOUBLE (Line Drive, 3D, EV 99.4 MPH)
Batting: SHB Joe Richardson 0-0: Ball
1-0: Foul Ball, location: 9LSFF
1-1: Foul Ball, location: 23FF
1-2: Foul Ball, location: 5F
1-2: Foul Ball, location: 2F
1-2: Ball
2-2: DOUBLE (Flyball, 8LD, EV 89.4 MPH)
Antonio Mejia scores
Batting: LHB Omar Carreon 0-0: Ball
1-0: Swinging Strike
1-1: Ball
2-1: Called Strike
Joe Richardson steals 3rd base (no throw)
2-2: Ball
3-2: SINGLE (Line Drive, 78S, EV 91.9 MPH)
Joe Richardson scores
Batting: LHB Mike Hancock 0-0: Ball
Omar Carreon steals 2nd base
1-0: Called Strike
1-1: Called Strike
1-2: Ground out 3-1 (Groundball, 34, EV 81.3 MPH)
Omar Carreon to third
Batting: RHB Matt Varner 0-0: Called Strike
0-1: Swinging Strike
0-2: Strikes out swinging
Top of the 6th over - 2 runs, 3 hits, 0 errors, 1 left on base; Atlanta 2 - Colorado 1
BOTTOM OF THE 6TH
Colorado Rockies batting - Pitching for Atlanta Braves : RHP Jorge Villalona
Batting: LHB Matt Beck 0-0: Foul Ball, location: 7LMF
0-1: Foul Ball, location: 25FF
0-2: Strikes out swinging
Batting: LHB Jim Davis 0-0: Foul Ball, location: 23FF
0-1: Foul Ball, location: 5F
0-2: Fly out, F2 (Popup, 25F, EV 82.5 MPH)
Batting: LHB Jeremy Papish 0-0: DOUBLE (Flyball, 89XD, EV 90.0 MPH)
Batting: LHB Carlos Parez 0-0: Called Strike
0-1: Swinging Strike
0-2: Strikes out swinging
Bottom of the 6th over - 0 runs, 1 hit, 0 errors, 1 left on base; Atlanta 2 - Colorado 1
TOP OF THE 7TH
Atlanta Braves batting - Pitching for Colorado Rockies : RHP Danny Dudley
Pitching: RHP Ricky Aguilera
Batting: RHB Luis Saez 0-0: Foul Ball, location: 3DF
0-1: Foul Ball, location: 3DF
0-2: Ball
1-2: Foul Ball, location: 23FF
1-2: Foul Ball, location: 5F
1-2: Fly out, F5 (Line Drive, 5, EV 65.0 MPH)
Batting: LHB Jordan Montijo 0-0: Ball
1-0: Foul Ball, location: 3F
1-1: Ground out 4-3 (Groundball, 4S, EV 88.8 MPH)
Batting: LHB Wade Ronsonet 0-0: Called Strike
0-1: Ball
1-1: Swinging Strike
1-2: Strikes out swinging, 2-3 out at first.
Top of the 7th over - 0 runs, 0 hits, 0 errors, 0 left on base; Atlanta 2 - Colorado 1
BOTTOM OF THE 7TH
Colorado Rockies batting - Pitching for Atlanta Braves : RHP Jorge Villalona
Batting: LHB Jesus Pena 0-0: Swinging Strike
0-1: Ball
1-1: Called Strike
1-2: Ball
2-2: SINGLE (Groundball, 34D, EV 97.5 MPH)
Batting: RHB Brenden Oxton 0-0: Called Strike
Jesus Pena steals 2nd base
0-1: SINGLE (Groundball, 6MD, EV 95.6 MPH)
Jesus Pena to third
Runner from 3rd tries for Home, SAFE, throw by CF to home
Pinch Hitting: SHB Brian Hatcher 0-0: Ball
1-0: DOUBLE (Line Drive, 78D, EV 106.3 MPH)
Brenden Oxton to third
Pitching: RHP Andy Thomas
Batting: LHB Glenn Sewell 0-0: Swinging Strike
0-1: Swinging Strike
0-2: Ball
1-2: Ball
2-2: Ball
3-2: SINGLE (Groundball, 34D, EV 100.6 MPH)
Brenden Oxton scores
Brian Hatcher to third
Runner from 3rd tries for Home, SAFE, throw by RF to home
Batting: RHB Mike Woodard 0-0: Ball
1-0: Ball
Glenn Sewell steals 2nd base
2-0: Called Strike
2-1: Ball
3-1: Foul Ball, location: 7LSF
3-2: SINGLE (Line Drive, 8LS, EV 110.6 MPH)
Glenn Sewell to third
Batting: LHB Matt Beck 0-0: Foul Ball, location: 2F
0-1: Ball
1-1: Called Strike
Pickoff Throw to First - Out! 1-3
1-2: Foul Ball, location: 5F
1-2: Ball
2-2: Strikes out swinging
Batting: LHB Jim Davis 0-0: Ball
1-0: SINGLE (Groundball, 34D, EV 95.6 MPH)
Glenn Sewell scores
Batting: LHB Jeremy Papish 0-0: Called Strike
0-1: Foul Ball, location: 9LSF
0-2: Ball
1-2: Ball
2-2: Ball
3-2: Base on Balls
Jim Davis to second
Batting: LHB Carlos Parez 0-0: Ball
1-0: SINGLE (Groundball, 34D, EV 95.6 MPH)
Jim Davis to third
Jeremy Papish to second
Runner from 3rd tries for Home, SAFE, throw by RF to home
Batting: LHB Jesus Pena 0-0: Called Strike
0-1: Foul Ball, location: 9LDF
0-2: Fly out, F7 (Flyball, 78D, EV 107.5 MPH)
Bottom of the 7th over - 5 runs, 7 hits, 0 errors, 2 left on base; Atlanta 2 - Colorado 6
TOP OF THE 8TH
Atlanta Braves batting - Pitching for Colorado Rockies : RHP Ricky Aguilera
Now at SS: Justin Williams
Batting: RHB Ramon Carrion 0-0: Called Strike
0-1: Called Strike
0-2: Ball
1-2: Foul Ball, location: 2F
1-2: Ball
2-2: Strikes out looking
Batting: RHB Antonio Mejia 0-0: Ball
1-0: Called Strike
1-1: Swinging Strike
1-2: Ground out 6-3 (Groundball, 6M, EV 103.8 MPH)
Batting: SHB Joe Richardson 0-0: DOUBLE (Line Drive, 3D, EV 95.0 MPH)
Batting: LHB Omar Carreon 0-0: Ball
1-0: Called Strike
1-1: Ball
2-1: Called Strike
2-2: Ball
3-2: Base on Balls
Pitching: LHP Chris Alexander
Batting: LHB Mike Hancock 0-0: Called Strike
0-1: Ball
1-1: Ball
2-1: SINGLE (Groundball, 34D, EV 98.8 MPH)
Joe Richardson to third
Omar Carreon to second
Runner from 3rd tries for Home, SAFE, throw by RF to home
Batting: RHB Matt Varner 0-0: Ball
1-0: Called Strike
1-1: Foul Ball, location: 2F
1-2: 3-RUN HOME RUN (Flyball, 8RXD, EV 113.1 MPH), Distance : 432 ft
Batting: RHB Luis Saez 0-0: Swinging Strike
0-1: Ball
1-1: Foul Ball, location: 7LSF
1-2: Ball
2-2: Strikes out swinging
Top of the 8th over - 4 runs, 3 hits, 0 errors, 0 left on base; Atlanta 6 - Colorado 6
BOTTOM OF THE 8TH
Colorado Rockies batting - Pitching for Atlanta Braves : RHP Andy Thomas
Pitching: RHP David Pearson
Batting: RHB Brenden Oxton 0-0: Ball
1-0: Ball
2-0: Called Strike
2-1: Ball
3-1: Foul Ball, location: 2F
3-2: Base on Balls
Batting: SHB Justin Williams 0-0: Ball
1-0: SINGLE (Line Drive, 4MD, EV 98.1 MPH)
Brenden Oxton to second
Batting: LHB Glenn Sewell 0-0: Called Strike
0-1: Hit by Pitch
Brenden Oxton to third
Justin Williams to second
Batting: RHB Mike Woodard 0-0: Ball
1-0: Called Strike
1-1: Ball
2-1: Ball
3-1: Called Strike
3-2: Foul Ball, location: 2RF
3-2: Strikes out looking
Batting: LHB Matt Beck 0-0: Swinging Strike
0-1: DOUBLE (Flyball, 89XD, EV 106.9 MPH)
Brenden Oxton scores
Justin Williams scores
Glenn Sewell to third
Runner from 3rd tries for Home, SAFE, throw by RF to home
Batting: LHB Jim Davis 0-0: Intentional Walk
Batting: LHB Jeremy Papish 0-0: Swinging Strike
0-1: Ball
1-1: Foul Ball, location: 7LSF
1-2: Strikes out swinging
Batting: LHB Carlos Parez 0-0: Called Strike
0-1: Called Strike
0-2: Strikes out swinging
Bottom of the 8th over - 3 runs, 2 hits, 0 errors, 2 left on base; Atlanta 6 - Colorado 9
TOP OF THE 9TH
Atlanta Braves batting - Pitching for Colorado Rockies : LHP Chris Alexander
Batting: LHB Jordan Montijo 0-0: Ball
1-0: Foul Ball, location: 2F
1-1: Foul Ball, location: 2F
1-2: Strikes out looking
Pinch Hitting: RHB Adam Brading 0-0: Called Strike
0-1: Foul Ball, location: 3F
0-2: Ball
1-2: SINGLE (Line Drive, 34, EV 110.0 MPH)
Pitching: RHP Doug Craig
Batting: RHB Ramon Carrion 0-0: Called Strike
0-1: Called Strike
0-2: Foul Ball, location: 2F
0-2: Foul Ball, location: 2F
0-2: Ball
1-2: Fly out, F3 (Popup, 34, EV 75.6 MPH)
Batting: SHB Carlos Carballo 0-0: Ball
1-0: Ball
2-0: Foul Ball, location: 3SF
2-1: DOUBLE (Flyball, 8RXD, EV 109.4 MPH)
Adam Brading to third
Batting: SHB Joe Richardson 0-0: DOUBLE (Flyball, 89D, EV 104.4 MPH)
Adam Brading scores
Carlos Carballo scores
Batting: LHB Omar Carreon 0-0: Called Strike
0-1: Ball
1-1: Swinging Strike
1-2: Ball
2-2: Foul Ball, location: 2F
2-2: Strikes out looking
Top of the 9th over - 2 runs, 3 hits, 0 errors, 1 left on base; Atlanta 8 - Colorado 9
Sunday, April 14th , 2024 - OOTP Baseball 24.11 Build 85